 Dungeon Crawl Stone Soup version 0.17.0-28-g6e173f8 (webtiles) character file.

513 fredomojojo the Conjurer (level 7, 0/43 HPs)
             Began as a High Elf Conjurer on Nov 23, 2015.
             Succumbed to a worker ant's poison
             ... on level 5 of the Dungeon.
             The game lasted 01:09:35 (4016 turns).

fredomojojo the Conjurer (High Elf Conjurer)        Turns: 4016, Time: 01:09:35

Health: 0/43       AC:  7    Str:  7    XL:     7   Next: 0%
Magic:  0/13       EV: 14    Int: 20    God:
Gold:   279        SH:  0    Dex: 16    Spells: 2 memorised, 11 levels left

rFire  . . .     SeeInvis .     m - +1 shortbow
rCold  . . .     Clarity  .     f - +0 robe
rNeg   . . .     SustAt   .     (shield currently unavailable)
rPois  .         Gourm    .     (no helmet)
rElec  .         Spirit   .     q - +0 cloak
rCorr  .         Warding  .     (no gloves)
rMut   .         Stasis   .     (no boots)
MR     .....                    (no amulet)
Stlth  ++........               (no ring)
                                (no ring)

@: lethally poisoned (0 -> -3), flying, not resistant to hostile enchantments,
unstealthy
A: rough black scales 1, low mp 1, no device heal 1
a: no special abilities


You were on level 5 of the Dungeon.
You were hungry.

You visited 1 branch of the dungeon, and saw 5 of its levels.

You collected 279 gold pieces.

Inventory:

Hand Weapons
 g - a +0 short sword
 k - a +0 short sword
 m - a +1 shortbow (weapon)
 n - a +0 short sword
Missiles
 h - 140 stones
 x - 25 arrows (quivered)
Armour
 a - a +0 robe
 f - a +0 robe (worn)
 q - a +0 cloak (worn)
Wands
 p - a wand of draining (0)
Scrolls
 c - 2 scrolls of random uselessness
 i - a scroll of amnesia
 w - a scroll of remove curse
Potions
 e - 3 potions of resistance
Books
 b - a book of Conjurations

   Spells                             Type                      Level
   a - Magic Dart                     Conjuration                  1
   b - Searing Ray                    Conjuration                  2
   c - Dazzling Spray                 Conjuration/Hexes            3
   d - Fulminant Prism                Conjuration/Hexes            4
   e - Iskenderun's Mystic Blast      Conjuration                  4
   f - Iskenderun's Battlesphere      Conjuration/Charms           5
 l - a book of Envenomations

   Spells                             Type                      Level
   a - Spider Form                    Transmutation/Poison         3
   b - Alistair's Intoxication        Transmutation/Poison         4
   c - Olgreb's Toxic Radiance        Poison                       4
   d - Poisonous Cloud                Conjuration/Poison/Air       6
Comestibles
 r - 6 fruits
 s - 3 bread rations


   Skills:
 + Level 1.0 Fighting
 - Level 2.0 Short Blades
 * Level 4.7 Bows
 + Level 0.4 Throwing
 + Level 3.6 Dodging
 + Level 3.1 Stealth
 + Level 4.2 Spellcasting
 + Level 5.7 Conjurations


You had 11 spell levels left.
You knew the following spells:

 Your Spells              Type           Power        Failure   Level  Hunger
a - Magic Dart            Conj           ####         1%          1    None
b - Searing Ray           Conj           ####..       1%          2    #......


Dungeon Overview and Level Annotations

Branches:
Dungeon (5/15)
 Temple: D:4-7

Altars:
Ashenzari
Dithmenos
Fedhas
Ru
The Shining One


Innate Abilities, Weirdness & Mutations

You are partially covered in rough black scales (AC +4, Dex -1).
Your magical capacity is low (-10% MP).
Potions and wands are less effective at restoring your health.


Message History

Press: ? - help, Shift-Dir - straight line, f/p - worker ant
Aim: a worker ant (moderately wounded)
You shoot an arrow. The arrow hits the worker ant!
The worker ant is severely wounded.
* * * LOW HITPOINT WARNING * * *
You feel sick. The worker ant barely misses you. The worker ant bites you.
* * * LOW HITPOINT WARNING * * *
Firing (i - inventory. (,) - cycle):
x - 27 arrows (quivered)
Press: ? - help, Shift-Dir - straight line, f/p - worker ant
Aim: a worker ant (severely wounded)
You shoot an arrow.
The arrow closely misses the worker ant.
The worker ant barely misses you.
Firing (i - inventory. (,) - cycle):
x - 26 arrows (quivered)
Press: ? - help, Shift-Dir - straight line, f/p - worker ant
Aim: a worker ant (severely wounded)
You shoot an arrow. The arrow hits the worker ant!
You kill the worker ant!
You have reached level 7!
You die...

#.# ##############
#.# #.......# #.#
#.#####.#
#.#######.#...#.#
#.........#.#.#.#
###########.#.#.#
### #.#.#.#.....
#######.#...'......
#(.(@.....#.#......
#.#####.#.#.#......
#%# ...#.#.# .....
#.# #####.#.# .....
#.# ..#'# #### #a#
..... #(........ ..
###...... .(....


There were no monsters in sight!

Vanquished Creatures
  A centaur (D:3)
  A scorpion (D:5)
  2 crimson imps
  A giant frog skeleton (D:4)
  A centaur zombie (D:5)
  A jelly (D:5)
  An orc priest (D:5)
  A worker ant (D:5)
  An orc wizard (D:5)
  A hound zombie (D:5)
  A hound skeleton (D:5)
  3 adders
  A worm (D:2)
  3 giant geckos
  15 orcs
  12 hobgoblins
  3 ball pythons
  5 bats
  8 giant cockroaches
  6 giant newts
  9 goblins
  4 jackals
  7 kobolds
  A quokka (D:4)
  8 rats
97 creatures vanquished.

Notes
Turn   | Place    | Note
--------------------------------------------------------------
     0 | D:1      | fredomojojo the High Elf Conjurer began the quest for the Orb.
     0 | D:1      | Reached XP level 1. HP: 11/11 MP: 4/4
   121 | D:1      | Reached XP level 2. HP: 1/17 MP: 0/6
   529 | D:1      | Reached skill level 5 in Conjurations
  1250 | D:1      | Reached XP level 3. HP: 13/21 MP: 1/8
  1587 | D:2      | Found a sacrificial altar of Ru.
  1644 | D:2      | Reached skill level 1 in Short Blades
  1802 | D:3      | Reached XP level 4. HP: 27/27 MP: 3/9
  1820 | D:3      | Found a shattered altar of Ashenzari.
  1897 | D:3      | Found a shadowy altar of Dithmenos.
  2075 | D:3      | Noticed a centaur
  2082 | D:3      | HP: 1/27 [centaur/arrow of flame (1)]
  2271 | D:5      | Entered Level 5 of the Dungeon
  2742 | D:3      | Found a glowing golden altar of the Shining One.
  2742 | D:3      | Found a blossoming altar of Fedhas.
  2869 | D:3      | Killed a centaur
  2869 | D:3      | Reached XP level 5. HP: 18/32 MP: 4/11
  3246 | D:4      | Reached skill level 1 in Bows
  3449 | D:5      | Reached skill level 1 in Fighting
  3449 | D:5      | Reached XP level 6. HP: 36/38 MP: 7/13
  3534 | D:5      | HP: 1/38 [orc wizard/dagger (3)]
  3807 | D:5      | Learned a level 2 spell: Searing Ray
  4012 | D:5      | Gained mutation: Potions and wands are less effective at restoring your health. [potion of mutation]
  4012 | D:5      | Gained mutation: You are partially covered in rough black scales (AC +4, Dex -1). [potion of mutation]
  4012 | D:5      | Gained mutation: Your magical capacity is low (-10% MP). [potion of mutation]
  4014 | D:5      | HP: 1/38 [worker ant (2)]
  4016 | D:5      | Reached XP level 7. HP: 1/43 MP: 0/13
  4016 | D:5      | Succumbed to a worker ant's poison

Action                   |  1- 3 |  4- 6 |  7- 9 || total
-------------------------+-------+-------+-------++-------
Melee: Dagger            |     5 |       |       ||     5
       Short sword       |    55 |    47 |       ||   102
 Fire: Shortbow          |       |    68 |       ||    68
Throw: Stone             |     4 |    10 |       ||    14
 Cast: Magic Dart        |    69 |    94 |       ||   163
       Searing Ray       |       |     4 |       ||     4
Evoke: Wand              |       |     2 |       ||     2
  Use: Potion            |     1 |     6 |       ||     7
       Scroll            |     2 |     8 |       ||    10
 Stab: Sleeping          |     6 |       |       ||     6
  Eat: Bread ration      |     1 |       |       ||     1
       Pizza             |       |     1 |       ||     1
       Chunk             |       |     2 |       ||     2
       Beef jerky        |       |     1 |       ||     1
